 Dungeon Crawl Stone Soup version 0.30-a0-224-ge52a3cb02f (webtiles) character file.

Game seed: 7181283333240984518

159 qw the Chopper (level 5, -7/32 HPs)
             Began as a Gargoyle Fighter on Oct 9, 2022.
             Mangled by an ogre
             ... wielding a +0 giant club
              (13 damage)
             ... on level 3 of the Dungeon.
             The game lasted 00:00:55 (2358 turns).

qw the Chopper (Gargoyle Fighter)                   Turns: 2358, Time: 00:00:55

Health: -7/32      AC: 16    Str: 18 (21) XL:     5   Next: 40%
Magic:  5/5        EV:  6    Int:  9      God:
Gold:   137        SH:  4    Dex:  9      Spells: 4/4 levels left

rFire   + . .      SeeInvis +    Y - +0 broad axe
rCold   . . .      Faith    .    c - +0 buckler
rNeg    + . .      Spirit   .    f - +0 chain mail
rPois   inf        Reflect  .    a - +2 helmet
rElec   +          Harm     .    (no cloak)
rCorr   .          Rampage  .    (no gloves)
Will    .....                    (no boots)
Stlth   ..........               i - amulet of regeneration
HPRegen 1.05/turn                n - ring of see invisible
MPRegen 0.09/turn                r - ring of protection from fire

@: no status effects
A: sickness immunity, AC +4, negative energy resistance 1, electricity
resistance, torment resistance 1, petrification resistance
a: no special abilities


You were on level 3 of the Dungeon.
You visited 1 branch of the dungeon, and saw 4 of its levels.

You collected 137 gold pieces.


Innate Abilities, Weirdness & Mutations

You are immune to sickness and miasma.
Your stone body is resilient. (AC +4)
You are immune to poison.
You resist negative energy. (rN+)
You are resistant to electric shocks. (rElec)
You are resistant to unholy torment.
You are immune to petrification.


   Skills:
 - Level 3.2 Fighting
 + Level 4.5 Axes
 - Level 1.6 Throwing
 - Level 3.2 Armour
 - Level 3.2 Shields


You had 4 spell levels left.
You didn't know any spells.
Your spell library was empty.

Inventory:

Hand Weapons
 e - a +0 whip
 Y - a +0 broad axe (weapon)
Missiles
 k - 3 boomerangs (quivered)
Armour
 a - a +2 helmet (worn)
 c - a +0 buckler (worn)
 f - a +0 chain mail (worn)
Jewellery
 i - an amulet of regeneration (around neck)
 n - a ring of see invisible (left hand)
 p - a ring of ice
 r - a ring of protection from fire (right hand)
Scrolls
 b - a scroll of identify
Potions
 d - a potion of might
 g - a potion of lignification
 h - a potion of curing {unknown}
 l - a potion of mutation {unknown}
 o - a potion of flight {unknown}

Dungeon Overview and Level Annotations

Branches:
Dungeon (4/15)
 Temple: D:4-7

Altars:

Annotations:
D:2 Natasha


Message History

It is a scroll of enchant armour.
Really abort (and waste the scroll)?
Done exploring.
2315 ||| READING scroll labelled GOWKOGH GUIH.
The air fills with toxic fumes!
As you read the scroll labelled GOWKOGH GUIH, it crumbles to dust.
It was a scroll of poison.
Done exploring.
(D) Dungeon
Where to? (* - list waypoints, Enter - D:3, ? - help)
What level of the Dungeon? (default 1, ? - help)
There is a stone staircase leading down here.
You climb downwards.
The ogre shouts!
The ufetubus shouts!
You hear a shout!
Found 30 gold pieces and a sling.
Found a stone staircase leading down.
There is a stone staircase leading up here.
There are monsters nearby!
Existing waypoints: (1) D:2 (2) D:3 Assign waypoint to what number? (0-9, D - delete waypoint) Waypoint 1 re-assigned from D:2 to D:4.
Enter note: Throw: javelin
Press: ? - help, Q - select action, (/) - cycle Shift-Dir - straight line, f - ogre You throw a javelin.
The javelin barely misses the ogre.
An adder comes into view.
A kobold comes into view. It is wielding a +0 club.
2355 ||| STAIRDANCE The ogre hits you with a +0 giant club!
The ufetubus hits you but does no damage. x2
You climb upwards.
There is a stone staircase leading down here.
You hit the ogre.
The ogre is lightly wounded.
The ogre hits you with a +0 giant club!!
Ouch! That really hurt!
You completely miss the ogre.
The ogre is lightly wounded.
The ogre hits you with a +0 giant club!
You die...

####.### ##########..)#
#.### ##.## #...#
#############.# #...#
#.............## #...#
##.......##..>..# ##.##
#........##.#..##
####.#####........#..#..#
#.......##........#.##..#
#.##.##...O@..##..#.##..#
#.##.##..#..............#
#.##........#.#####.#####
#.##..#..##.........#
#...........#.#######
####..........##
##########..#...#...#
######
.......###.....###..#
#.....
######.<.##.#...#...#
####.###.


You could see an ogre.

Vanquished Creatures
  Natasha (twice) (D:2)
  An iguana (D:3)
  2 adders
  A white imp (D:3)
  A worm (D:2)
  2 dart slugs
  An orc (D:3)
  3 ball pythons
  5 bats
  7 endoplasms
  7 goblins
  6 hobgoblins
  2 quokkas
  6 frilled lizards
  4 kobolds
  2 rats (D:1)
52 creatures vanquished.

Notes
Turn   | Place    | Note
-------+----------+-------------------------------------------
     0 | D:1      | qw the Gargoyle Fighter began the quest for the Orb.
     0 | D:1      | Reached XP level 1. HP: 14/14 MP: 1/1
     0 | D:1      | 0 ||| qw: Version: 0.2-a-17-g06abaee
     0 | D:1      | 0 ||| qw: Game counter: 2271
     0 | D:1      | 0 ||| qw: Always use a shield: true
     0 | D:1      | 0 ||| qw: God list: Okawaru
     0 | D:1      | 0 ||| qw: Allow faded altars: false
     0 | D:1      | 0 ||| qw: Do Orc after D:15 true
     0 | D:1      | 0 ||| qw: Do second Lair branch before Depths: true
     0 | D:1      | 0 ||| qw: Lair rune preference: random
     0 | D:1      | 0 ||| qw: Plans: Normal, Zot:1-4, God:TSO, Crypt, Tomb,
                  | Pan, Slime:5, Hells, Abyss, Orb
     0 | D:1      | 0 ||| PLANNING D:1-11
    73 | D:1      | Reached skill level 2 in Axes
   108 | D:1      | 108 ||| SWAPPING to +3 war axe of venom.
   109 | D:1      | 109 ||| DROPPING +0 war axe.
   142 | D:1      | 142 ||| Stepping ~*~*~tactically~*~*~ (stealth).
   148 | D:1      | 148 ||| Stepping ~*~*~tactically~*~*~ (stealth).
   152 | D:1      | Reached XP level 2. HP: 19/19 MP: 2/2
   204 | D:1      | 204 ||| Stepping ~*~*~tactically~*~*~ (stealth).
   276 | D:1      | 276 ||| Stepping ~*~*~tactically~*~*~ (stealth).
   489 | D:1      | Reached skill level 3 in Axes
   753 | D:1      | 753 ||| UPGRADING to +2 helmet.
   758 | D:1      | 758 ||| UPGRADING to amulet of regeneration.
   763 | D:1      | 763 ||| UPGRADING to ring of see invisible.
   764 | D:1      | 764 ||| READING 2 scrolls labelled PEUSOL DUDGHE.
   765 | D:1      | 765 ||| READING 2 scrolls labelled LUSSEFYRUI.
   766 | D:1      | 766 ||| DRINKING 2 fizzy puce potions.
   767 | D:1      | 767 ||| DRINKING 2 fuming silvery potions.
   768 | D:1      | 768 ||| DROPPING scroll of blinking.
   769 | D:1      | 769 ||| DROPPING potion of degeneration.
   770 | D:1      | 770 ||| DROPPING scroll of immolation.
   771 | D:1      | 771 ||| DROPPING potion of brilliance.
   778 | D:2      | Noticed Natasha
   785 | D:2      | Killed Natasha
   786 | D:2      | Reached skill level 1 in Throwing
   786 | D:2      | Reached XP level 3. HP: 14/23 MP: 3/3
   917 | D:2      | Reached XP level 4. HP: 28/28 MP: 4/4
   920 | D:2      | 920 ||| DROPPING +0 club.
   949 | D:2      | Found a faded altar of an unknown god.
  1286 | D:2      | 1286 ||| Stepping ~*~*~tactically~*~*~ (hiding).
  1310 | D:2      | 1310 ||| Stepping ~*~*~tactically~*~*~ (stealth).
  1323 | D:2      | Noticed Natasha
  1324 | D:2      | 1324 ||| Stepping ~*~*~tactically~*~*~ (stealth).
  1326 | D:2      | 1326 ||| Stepping ~*~*~tactically~*~*~ (stealth).
  1336 | D:2      | Killed Natasha
  1438 | D:2      | 1438 ||| UPGRADING to +0 chain mail.
  1448 | D:2      | 1448 ||| DROPPING +0 scale mail.
  1449 | D:2      | 1449 ||| READING scroll labelled MACHAO TIAMPE.
  1450 | D:2      | 1450 ||| READING scroll labelled QIP NYSHYIST.
  1451 | D:2      | 1451 ||| DRINKING 2 blue potions.
  1477 | D:2      | 1477 ||| Stepping randomly (stuck).
  1479 | D:2      | 1479 ||| Stepping randomly (stuck).
  1480 | D:2      | 1480 ||| Stepping randomly (stuck).
  1482 | D:2      | 1482 ||| Stepping randomly (stuck).
  1484 | D:2      | 1484 ||| Stepping randomly (stuck).
  1485 | D:2      | 1485 ||| Stepping randomly (stuck).
  1513 | D:2      | Noticed Natasha
  1528 | D:3      | 1528 ||| Stepping ~*~*~tactically~*~*~ (stealth).
  1543 | D:3      | Reached skill level 4 in Axes
  1595 | D:3      | 1595 ||| Stepping ~*~*~tactically~*~*~ (stealth).
  1631 | D:3      | 1631 ||| SWAPPING to +0 broad axe.
  1637 | D:3      | 1637 ||| DROPPING +3 war axe of venom.
  1648 | D:3      | Reached XP level 5. HP: 32/32 MP: 5/5
  1801 | D:3      | 1801 ||| Stepping ~*~*~tactically~*~*~ (hiding).
  1802 | D:3      | 1802 ||| Stepping ~*~*~tactically~*~*~ (hiding).
  1805 | D:3      | 1805 ||| Stepping ~*~*~tactically~*~*~ (hiding).
  2313 | D:3      | 2313 ||| UPGRADING to ring of protection from fire.
  2314 | D:3      | 2314 ||| READING scroll labelled MOCRYI EMYEGOAK.
  2315 | D:3      | 2315 ||| READING scroll labelled GOWKOGH GUIH.
  2352 | D:4      | Noticed an ogre
  2355 | D:4      | 2355 ||| STAIRDANCE
  2357 | D:3      | HP: 4/32 [ogre/+0 giant club (19)]
  2358 | D:3      | Mangled by an ogre

Levels and vault maps discovered:
D:1:      matt_arrival_grand_opening, layout_loops_ring
D:2:      layout_loops_cross, nicolae_ecumenical_lake_church, uniq_natasha
D:3:      layout_loops_cross
D:4:      layout_rooms, serial_shops, nicolae_shop_stone,
          hangedman_abyss_or_decor_lesser_grid

Skill      XL: |  1  2  3  4 |
---------------+-------------+-----
Axes           | 2 3 4 |  4.5
Throwing       | 1 |  1.6
Fighting       | |  3.2
Armour         | |  3.2
Shields        | |  3.2

Action                   |  1- 3 |  4- 6 || total
-------------------------+-------+-------++-------
Melee: War axe           |    68 |    32 ||   100
       Broad axe         |       |    31 ||    31
Throw: Javelin           |    18 |    12 ||    30
       Boomerang         |       |     8 ||     8
  Use: Scroll            |     2 |     4 ||     6
       Potion            |     2 |     1 ||     3
Armor: Scale mail        |    29 |    11 ||    40
       Chain mail        |       |    28 ||    28
Dodge: Dodged            |    21 |    21 ||    42
Block: Buckler           |     4 |    13 ||    17

Table legend:
 A = Non-vault XP
 B = Vault XP
 C = Vault XP percentage of total XP
 D = Non-vault monster count
 E = Vault monster count
 F = Vault count percentage of total count
                 A         B        C        D         E       F
            +---------+---------+-------+---------+---------+-------
      Total |     192 |      36 |  15.8 |      51 |       1 |   1.9
            +---------+---------+-------+---------+---------+-------
        D:1 |      31 |       0 |   0.0 |      18 |       0 |   0.0
        D:2 |      77 |      36 |  31.9 |      17 |       1 |   5.6
        D:3 |      84 |       0 |   0.0 |      16 |       0 |   0.0
            +---------+---------+-------+---------+---------+-------
